 Dungeon Sprint DCSS version 0.19-a0-1932-g59670f6 (webtiles) character file.

3348 poirepourri the Unseen (level 9, -10/42 HPs)
             Began as a Spriggan Enchanter on Oct 25, 2016.
             Was a Believer of Dithmenos.
             Mangled by Donald
             ... wielding a +0 war axe of holy wrath
              (30 damage)
             ... in the Dungeon (Sprint III: "The Ten Rune Challenge").
             The game lasted 00:03:31 (1707 turns).

poirepourri the Unseen (Spriggan Enchanter)         Turns: 1707, Time: 00:03:32

Health: -10/42     AC:  3    Str:  4    XL:     9   Next: 72%
Magic:  26/26      EV: 24    Int: 16    God:    Dithmenos [**....]
Gold:   52         SH:  0    Dex: 20    Spells: 5 memorised, 21 levels left

rFire  . . .     SeeInvis +     a - +1 dagger
rCold  . . .     Gourm    .     b - +1 robe
rNeg   . . .     Faith    .     (shield restricted)
rPois  .         Spirit   .     (helmet restricted)
rElec  .         Reflect  .     (no cloak)
rCorr  .         Harm     .     (gloves unavailable)
MR     +....     NoTele   +     (boots unavailable)
Stlth  +++++++++.               (no amulet)
                                (no ring)
                                (no ring)

@: lethally poisoned (-10 -> -13), slowed, wreathed by umbra, quick
A: unfitting armour, see invisible, herbivore 3, speed 3, slow metabolism 2
a: Shadow Step, Renounce Religion


You were in the Dungeon.
You worshipped Dithmenos.
Dithmenos was pleased with you.
You were not hungry.

You visited 1 branch You collected 52 gold pieces.

Inventory:

Hand Weapons
 a - a +1 dagger (weapon)
Armour
 b - a +1 robe (worn)
Wands
 e - a wand of flame (23/48)
Scrolls
 j - a scroll of blinking
 m - 3 scrolls of remove curse
Potions
 g - a potion of haste
 i - 2 potions of mutation
 l - a potion of berserk rage
 n - a potion of agility
 o - 4 potions of flight
 q - a potion of cure mutation {unknown}
 r - a potion of might
Books
 c - a book of Maledictions

   Spells                             Type                      Level
   a - Corona                         Hexes                        1
   b - Ensorcelled Hibernation        Hexes/Ice                    2
   c - Confuse                        Hexes                        3
   d - Tukima's Dance                 Hexes                        3
   e - Dazzling Spray                 Conjuration/Hexes            3
Comestibles
 d - a bread ration
 s - 2 royal jellies


   Skills:
 + Level 2.2 Fighting
 + Level 7.6 Short Blades
 + Level 7.8 Dodging
 + Level 18.1 Stealth
 + Level 12.5 Spellcasting
 + Level 2.7 Conjurations
 + Level 13.7 Hexes
 + Level 4.1 Ice Magic


You had 21 spell levels left.
You knew the following spells:

 Your Spells              Type           Power        Failure   Level  Hunger
a - Corona                Hex            ######.      1%          1    None
b - Ensorcelled Hibernat  Hex/Ice        #####.       1%          2    None
c - Confuse               Hex            ######..     1%          3    None
d - Tukima's Dance        Hex            ######..     1%          3    None
e - Dazzling Spray        Conj/Hex       #####.       1%          3    None


Dungeon Overview and Level Annotations

Branches:
Dungeon (1/1)

Altars:
Cheibriados
Dithmenos
Elyvilon
Fedhas
Gozag
Hepliaklqana
Kikubaaqudgha
Makhleb
Nemelex Xobeh
Okawaru
Qazlal
Ru
Sif Muna
Trog
Uskayaw
Vehumet
Xom
Yredelemnul
Zin
The Shining One
Beogh
Jiyva
Lugonu

Annotations:
D Donald, Frances


Innate Abilities, Weirdness & Mutations

You are very small and have problems with some larger weapons.
You are too small for most types of armour.
You have supernaturally acute eyesight. (SInv)
You are a herbivore.
You cover ground extremely quickly.
You need consume almost no food.


Message History

Aiming: Ensorcelled Hibernation
Press: ? - help, Shift-Dir - straight line, f - Donald, p - Frances
Aim: Donald, wielding a war axe of holy wrath, wearing a scale mail and wearing a glowing shield (unusually strong, umbra, chance to defeat MR: 7%) Donald resists with almost no effort.
You feel sick.
Donald no longer looks unusually strong.
The soul eater barely misses you.
Donald gestures wildly while chanting.
Donald seems to speed up.
The soul eater closely misses you.
Donald hits you with a war axe of holy wrath!
You feel much better.
You feel sick. Donald completely misses you.
The soul eater draws from the surrounding life force!
Donald mumbles some strange words.
Magic courses through your body.
You feel sick.
Donald gestures wildly while chanting.
Donald seems to grow stronger.
Frances screams a word of power!
Frances seems to speed up.
Donald hits you with a war axe of holy wrath!!
Ouch! That really hurt!
You die...

##################
≈'.#.'...'.#.#.#.+
≈#.#.#...##.#.#.##
.#.#.#)..#.#.#.#.#
§#...#)).##.#.#.##
▓▓▓▓▓▓▓▓▓#.#.#.#@#
##.#.#@##
+.#.#3#.#
##@#@#.## #'#####
... #.@.# #@..#
#####


You could see Frances, Donald and a soul eater.

Vanquished Creatures
  Snorg (D)
  A centaur warrior (D)
  An unseen horror (D)
  A deep elf mage (D)
  A shadow (D)
  A spatial vortex (D)
  A necrophage (D)
  2 centaurs (D)
  An earth elemental (D)
  A water elemental (D)
  A jelly (D)
  A wizard (D)
  A necromancer (D)
  A kobold demonologist (D)
  3 humans (D)
  A wolf (D)
  An ooze (D)
  3 rats (D)
23 creatures vanquished.

Vanquished Creatures (others)
  2 draconian scorchers (D)
  6 hellions (D)
  2 yaktaurs (D)
  2 plants (D)
12 creatures vanquished.

Grand Total: 35 creatures vanquished

Notes
Turn   | Place    | Note
-------+----------+-------------------------------------------
     0 | D        | poirepourri the Spriggan Enchanter began the quest for the Orb.
     0 | D        | Reached XP level 1. HP: 9/9 MP: 5/5
    10 | D        | Reached skill level 5 in Stealth
    98 | D        | Killed a hellion
   121 | D        | Killed a hellion
   121 | D        | Killed a hellion
   122 | D        | Killed a hellion
   124 | D        | Killed a hellion
   151 | D        | Killed a hellion
   200 | D        | Killed a white draconian scorcher
   261 | D        | Killed a yaktaur
   352 | D        | Reached skill level 6 in Stealth
   352 | D        | Reached skill level 5 in Hexes
   352 | D        | Reached XP level 2. HP: 13/13 MP: 5/7
   364 | D        | Learned a level 2 spell: Ensorcelled Hibernation
   367 | D        | Reached skill level 7 in Stealth
   367 | D        | Reached XP level 3. HP: 16/16 MP: 5/8
   369 | D        | Killed a white draconian scorcher
   385 | D        | Learned a level 3 spell: Confuse
   413 | D        | Noticed a water elemental
   466 | D        | Found a radiant altar of Vehumet.
   466 | D        | Found a deep blue altar of Sif Muna.
   466 | D        | Found an ancient bone altar of Kikubaaqudgha.
   466 | D        | Noticed a wizard
   468 | D        | Killed a wizard
   468 | D        | Reached skill level 8 in Stealth
   468 | D        | Reached XP level 4. HP: 21/21 MP: 8/10
   470 | D        | Reached skill level 5 in Dodging
   494 | D        | Learned a level 3 spell: Tukima's Dance
   501 | D        | Found a glowing silver altar of Zin.
   501 | D        | Found a glowing golden altar of the Shining One.
   501 | D        | Found a white marble altar of Elyvilon.
   502 | D        | Noticed a deep elf mage
   507 | D        | Killed a deep elf mage
   507 | D        | Reached skill level 5 in Short Blades
   507 | D        | Reached skill level 13 in Stealth
   507 | D        | Reached skill level 10 in Hexes
   507 | D        | Reached skill level 1 in Ice Magic
   507 | D        | Reached XP level 5. HP: 25/25 MP: 8/15
   507 | D        | Reached XP level 6. HP: 29/29 MP: 8/16
   512 | D        | Learned a level 3 spell: Dazzling Spray
   586 | D        | Reached XP level 7. HP: 25/32 MP: 1/18
   717 | D        | Found a hide-covered altar of Uskayaw.
   717 | D        | Found a roughly hewn altar of Beogh.
   717 | D        | Found an iron altar of Okawaru.
   717 | D        | Found a bloodstained altar of Trog.
   717 | D        | Noticed a human
   718 | D        | Noticed a human
   723 | D        | Killed a human
   728 | D        | Killed a human
   728 | D        | Reached skill level 1 in Fighting
   728 | D        | Reached skill level 14 in Stealth
   783 | D        | Killed a yaktaur
   814 | D        | Found a basalt altar of Yredelemnul.
   814 | D        | Found a shadowy altar of Dithmenos.
   814 | D        | Found a sacrificial altar of Ru.
  1058 | D        | Became a worshipper of Dithmenos the Shadowed
  1063 | D        | Noticed a shadow
  1065 | D        | Killed a shadow
  1065 | D        | Reached skill level 15 in Stealth
  1065 | D        | Reached skill level 1 in Conjurations
  1065 | D        | Reached XP level 8. HP: 37/37 MP: 19/21
  1076 | D        | Found a blossoming altar of Fedhas.
  1076 | D        | Found a stormy altar of Qazlal.
  1076 | D        | Found a snail-covered altar of Cheibriados.
  1076 | D        | Found a burning altar of Makhleb.
  1076 | D        | Found a shimmering altar of Xom.
  1077 | D        | Found a hazy altar of Hepliaklqana.
  1077 | D        | Found an opulent altar of Gozag.
  1077 | D        | Found a sparkling altar of Nemelex Xobeh.
  1077 | D        | Found a corrupted altar of Lugonu.
  1077 | D        | Found a viscous altar of Jiyva.
  1082 | D        | Reached * piety under Dithmenos
  1099 | D        | Noticed Snorg
  1171 | D        | Killed Snorg
  1171 | D        | Reached skill level 16 in Stealth
  1171 | D        | Reached skill level 10 in Spellcasting
  1171 | D        | Reached XP level 9. HP: 7/42 MP: 6/24
  1465 | D        | Noticed a centaur warrior
  1467 | D        | Reached ** piety under Dithmenos
  1469 | D        | Killed a centaur warrior
  1469 | D        | Reached skill level 17 in Stealth
  1650 | D        | Noticed an unseen horror
  1652 | D        | Killed an unseen horror
  1652 | D        | Reached skill level 18 in Stealth
  1663 | D        | Noticed Donald
  1663 | D        | Noticed Frances
  1703 | D        | Noticed a soul eater
  1707 | D        | Mangled by Donald

Vault maps used:
D:        dungeon_sprint_mu

Skill      XL: |  1  2  3  4  5  6  7  8  9 |
---------------+----------------------------+-----
Hexes          | 5 6 10 11 12 13 | 13.7
Stealth        | 6 7 8 13 15 16 18 | 18.1
Short Blades   | 2 5 6 7 |  7.6
Dodging        | 4 6 7 |  7.8
Spellcasting   | 3 6 8 10 12 | 12.5
Ice Magic      | 1 2 3 4 |  4.1
Fighting       | 1 2 |  2.2
Conjurations   | 1 2 |  2.7

Action                   |  1- 3 |  4- 6 |  7- 9 || total
-------------------------+-------+-------+-------++-------
Melee: Dagger            |    28 |     3 |    18 ||    49
 Cast: Corona            |     1 |       |       ||     1
       Ensorcelled Hiber |     1 |     2 |    11 ||    14
       Dazzling Spray    |       |     8 |    11 ||    19
       Confuse           |       |       |     5 ||     5
  Use: Potion            |     1 |     1 |     3 ||     5
       Scroll            |     2 |       |     2 ||     4
 Stab: Sleeping          |     3 |     2 |     9 ||    14
       Confused          |       |       |     4 ||     4
       Invisible         |       |       |     1 ||     1
Armor: Robe              |     2 |       |     1 ||     3
Dodge: Dodged            |    18 |     9 |    20 ||    47
